 Dungeon Crawl Stone Soup version 0.28-a0-850-g09de17f5b5 (webtiles) character file.

Game seed: 588563967599075255

337 BinkBink the Ruffian (level 6, -4/52 HPs)
             Began as a Ghoul Monk on Nov 14, 2021.
             Slain by an elf zombie (7 damage)
             ... in an ossuary.
             The game lasted 00:07:53 (2723 turns).

BinkBink the Ruffian (Ghoul Monk)                   Turns: 2723, Time: 00:07:54

Health: -4/52      AC:  3    Str: 17    XL:     6   Next: 54%
Magic:  5/5        EV: 12    Int:  5    God:
Gold:   121        SH:  0    Dex: 11    Spells: 5/5 levels left

rFire   . . .      SeeInvis .     - Unarmed
rCold   + . .      Faith    .   (no shield)
rNeg    + + +      Spirit   .   a - +0 robe
rPois   ∞          Reflect  .   (no helmet)
rElec   .          Harm     .   b - +0 cloak
rCorr   .          Rampage  .   (no gloves)
Will    .....                   (no boots)
Stlth   ++........              (no amulet)
HPRegen 0.00/turn               (no ring)
MPRegen 0.09/turn               (no ring)

@: marked, attractive, inhibited regen
A: claws 1, cold resistance 1, negative energy resistance 3, inhibited
regeneration, torment resistance 2
a: no special abilities


You were in an ossuary.
You visited 1 branch of the dungeon, and saw 4 of its levels.
You also visited: Ossuary.

You collected 121 gold pieces.

Inventory:

Missiles
 d - 7 javelins (quivered)
Armour
 a - a +0 robe (worn)
 b - a +0 cloak (worn)
 f - a +0 robe of positive energy
Jewellery
 g - a ring of magical power
Scrolls
 e - 3 scrolls of identify {unknown}
 h - a scroll of teleportation {unknown}
 i - a scroll of brand weapon {unknown}
 o - a scroll of noise {unknown}
Potions
 k - a potion of attraction
 m - a potion of cancellation {unknown}
 n - a potion of mutation {unknown}


   Skills:
 + Level 4.2 Fighting
 - Level 2.6 Dodging
 + Level 4.2 Stealth
 + Level 6.5 Unarmed Combat


You had 5 spell levels left.
You didn't know any spells.
Your spell library contained the following spells:

 Spells                   Type           Power      Damage    Failure   Level
 Mephitic Cloud           Conj/Pois/Air  0%         N/A       85%         3
 Sticky Flame             Conj/Fire      0%         2d3       99%         4


Dungeon Overview and Level Annotations

Branches:
Dungeon (4/15)            Ossuary (1/1)
 Temple: D:4-7

Altars:


Innate Abilities, Weirdness & Mutations

You thrive by killing the living.
You are immune to poison.
You have sharp fingernails.
Your flesh is cold resistant. (rC+)
You are immune to negative energy. (rN+++)
You do not regenerate when monsters are visible.
You are immune to unholy pain and torment.


Message History

You claw the kobold zombie!
You destroy the kobold zombie!
The centaur zombie hits you but does no damage.
The centaur zombie closely misses you.
An orc zombie comes into view.
The hobgoblin zombie is attracted toward you.
You claw the hobgoblin zombie!
You destroy the hobgoblin zombie!
The centaur zombie hits you.
* * * LOW HITPOINT WARNING * * *
The centaur zombie closely misses you.
You claw the kobold zombie!
You destroy the kobold zombie!
The centaur zombie closely misses you. The centaur zombie misses you.
The kobold zombie is attracted toward you.
The orc zombie is attracted toward you.
You scratch the elf zombie.
The elf zombie is lightly damaged.
The centaur zombie hits you but does no damage.
The centaur zombie kicks you but does no damage.
The elf zombie closely misses you.
You scratch the elf zombie.
The elf zombie is lightly damaged.
The centaur zombie closely misses you. x2
An orc zombie comes into view.
The centaur zombie hits you.
* * * LOW HITPOINT WARNING * * *
The centaur zombie misses you. The orc zombie is attracted toward you.
You closely miss the goblin zombie.
The elf zombie hits you but does no damage.
The centaur zombie hits you.
* * * LOW HITPOINT WARNING * * *
The centaur zombie closely misses you. The goblin zombie barely misses you.
The orc zombie is attracted toward you.
You barely miss the goblin zombie.
The centaur zombie completely misses you.
The centaur zombie closely misses you.
A hobgoblin zombie comes into view.
The elf zombie hits you!
You die...

###################
.......∩∩......Z..#
..............@ZZ.#
.##############ZZZ#
#ZZ.#


#ZZM# #ZZZ# #Z§.# #...# #.Z.. #Z..# ##M... #§..# You could see a mummy, 3 goblin
zombies, a hobgoblin zombie, 3 kobold zombies, 3 orc zombies, an elf zombie, 2
centaur zombies and 2 human zombies.

Vanquished Creatures
  A scorpion (D:4)
  A water moccasin skeleton (D:4)
  A centaur zombie (Ossuary)
  An orc priest (D:3)
  An orc wizard (D:3)
  4 adders
  An adder zombie (Ossuary)
  An adder skeleton (D:4)
  3 worms
  A dart slug (D:4)
  10 orcs
  4 ball pythons
  5 endoplasms
  A giant cockroach (D:1)
  6 goblins
  6 hobgoblins
  3 jackals (D:2)
  4 quokkas
  3 bats (D:1)
  2 frilled lizards
  9 hobgoblin zombies (Ossuary)
  A jackal zombie (Ossuary)
  5 kobolds
  3 kobold zombies (Ossuary)
  6 orc zombies (Ossuary)
  A quokka skeleton (D:2)
  5 rats
89 creatures vanquished.

Notes
Turn   | Place    | Note
-------+----------+-------------------------------------------
     0 | D:1      | BinkBink the Ghoul Monk began the quest for the Orb.
     0 | D:1      | Reached XP level 1. HP: 19/19 MP: 0/0
     5 | D:1      | Got the Compendium of Feathery Flames
   241 | D:1      | Reached XP level 2. HP: 26/26 MP: 1/1
   373 | D:1      | Found a faded altar of an unknown god.
   625 | D:2      | Reached skill level 4 in Unarmed Combat
   625 | D:2      | Reached XP level 3. HP: 33/33 MP: 2/2
  1062 | D:2      | Reached XP level 4. HP: 7/40 MP: 3/3
  1624 | D:3      | Reached skill level 5 in Unarmed Combat
  1725 | D:3      | Noticed an ogre
  1787 | D:3      | Reached XP level 5. HP: 46/46 MP: 4/4
  2096 | D:3      | Noticed a sky beast
  2216 | D:4      | Reached skill level 6 in Unarmed Combat
  2216 | D:4      | Reached XP level 6. HP: 27/52 MP: 5/5
  2454 | D:4      | Found a sand-covered staircase.
  2464 | Ossuary  | Entered an ossuary
  2723 | Ossuary  | Slain by an elf zombie

Illustrated notes

Levels and vault maps discovered:
D:1:      roderic_chinese_lattice_arrival, layout_loops_ring,
          basic_ecumenical_altar, minmay_door_square
D:2:      layout_basic
D:3:      layout_rooms
D:4:      layout_basic, nicolae_ossuary_entry_monument,
          hangedman_abyss_or_decor_stabs, hangedman_abyss_or_decor_stagger,
          minmay_strange_pillars
Ossuary:  ossuary_tomb_1

Skill      XL: |  1  2  3  4  5  6 |
---------------+-------------------+-----
Unarmed Combat | 4 5 6 |  6.5
Stealth        | 3 4 |  4.2
Fighting       | 4 |  4.2
Dodging        | |  2.6

Action                   |  1- 3 |  4- 6 || total
-------------------------+-------+-------++-------
Melee: Unarmed           |    90 |   185 ||   275
       Punch             |     3 |     3 ||     6
  Use: Potion            |       |     4 ||     4
 Stab: Sleeping          |     6 |     4 ||    10
       Distracted        |       |     1 ||     1
Armor: Robe              |    19 |    69 ||    88
Dodge: Dodged            |    51 |   152 ||   203

Table legend: (Time is in decaauts)
 A = Elapsed time spent in this place.
 B = Non-inter-level travel time spent in this place.
 C = Inter-level travel time spent in this place.
 D = Time resting spent in this place.
 E = Time spent auto-exploring this place.
 F = Levels seen in this place.
 G = Mean time per level.
                   A        B        C        D        E       F      G
               +--------+--------+--------+--------+--------+-----+--------+
         Total |   2700 |   2660 |     40 |      0 |   1920 |   5 |  540.0 |
       Dungeon |   2448 |   2408 |     40 |      0 |   1812 |   4 |  612.0 |
       Ossuary |    251 |    251 |      0 |      0 |    108 |   1 |  251.0 |
               +--------+--------+--------+--------+--------+-----+--------+

Top non-repeatable levels by time:
     D:2: 986 daAuts
     D:1: 601 daAuts
     D:3: 578 daAuts
     D:4: 282 daAuts
 Ossuary: 251 daAuts
